 Dungeon Crawl Stone Soup version 0.29.1-15-g9cfb28693d (webtiles) character file.

Game seed: 12634962003120334415

68 protoss039 the Digger (level 4, 33/33 HPs)
             Began as a Demonspawn Earth Elementalist on Mar 18, 2023.
             Got out of the dungeon alive.
             The game lasted 00:02:32 (2773 turns).

protoss039 the Digger (DsEE)                        Turns: 2773, Time: 00:02:33

Health: 33/33      AC:  6    Str:  8    XL:     4   Next: 1%
Magic:  8/8        EV: 10    Int: 19    God:
Gold:   98         SH:  0    Dex: 13    Spells: 2/8 levels left

rFire   . . .      SeeInvis .   e - +0 dagger
rCold   . . .      Faith    .   (no shield)
rNeg    . . .      Spirit   .   f - +0 ring mail
rPois   .          Reflect  .   (helmet restricted)
rElec   .          Harm     .   (no cloak)
rCorr   .          Rampage  .   j - +0 pair of gloves
Will    .....                   (no boots)
Stlth   +.........              (no amulet)
HPRegen 0.11/turn               (no ring)
MPRegen 0.11/turn               (no ring)

@: no status effects
A: horns 1, demonic touch 2
a: no special abilities


You escaped.
You visited 1 branch of the dungeon, and saw 3 of its levels.

You collected 98 gold pieces.

Inventory:

Hand Weapons
 e - a +0 dagger (weapon)
Armour
 f - a +0 ring mail (worn)
 j - a +0 pair of gloves (worn)
Scrolls
 a - a scroll of teleportation {unknown}
 b - a scroll of enchant weapon {unknown}
 c - a scroll of amnesia {unknown}
 h - 2 scrolls of identify {unknown}
 i - a scroll of fear {unknown}
 k - a scroll of silence {unknown}
 l - a scroll of immolation {unknown}
 n - a scroll of blinking {unknown}
Potions
 d - a potion of haste {unknown}
 g - 2 potions of flight {unknown}
 m - a potion of lignification {unknown}
 o - a potion of degeneration {unknown}


   Skills:
 + Level 2.0 Fighting
 - Level 1.7 Dodging
 - Level 1.7 Stealth
 + Level 2.7 Spellcasting
 - Level 0.8 Transmutations
 + Level 3.3 Earth Magic


You had 2 spell levels left.
You knew the following spells:

 Your Spells              Type           Power      Damage    Failure   Level
a - Sandblast             Erth           30%        2d9       12%         1
b - Passwall              Tmut/Erth      8%         N/A       30%         2
c - Stone Arrow           Conj/Erth      18%        3d8       58%         3

Your spell library contained the following spells:

 Spells                   Type           Power      Damage    Failure   Level
 Gell's Gravitas          Tloc           2%         N/A       82%         3
 Lesser Beckoning         Tloc           2%         N/A       82%         3
 Ozocubu's Armour         Ice            2%         N/A       82%         3
 Teleport Other           Tloc           2%         N/A       82%         3
 Petrify                  Tmut/Erth      10%        N/A       90%         4
 Summon Ice Beast         Ice/Summ       2%         N/A       99%         4
 Metabolic Englaciation   Hex/Ice        1%         N/A       100%        5
 Summon Mana Viper        Hex/Summ       2%         N/A       100%        5
 Simulacrum               Ice/Necr       1%         N/A       100%        6
 Monstrous Menagerie      Summ           1%         N/A       100%        7
 Borgnjor's Revivificati  Necr           1%         N/A       100%        8
 Necromutation            Tmut/Necr      2%         N/A       100%        8
 Death's Door             Necr           1%         N/A       100%        9


Dungeon Overview and Level Annotations

Branches:
Dungeon (3/15) Zot: 15200

Altars:


Innate Abilities, Weirdness & Mutations

You have a pair of small horns on your head.
Your touch may inflict irresistible damage on your foes.


Message History

An orc comes into view. It is wielding a +0 dagger.
You see here 11 gold pieces.
An orc is nearby!
An orc is nearby!
Found a mace.
Found a stone staircase leading down.
The orc shouts!
Casting: Sandblast (safe; 13% risk of failure)
Confirm with . or Enter, or press ? or * to list all spells.
Aiming: Sandblast (safe; 13% risk of failure)
Press: ? - help, Shift-Dir - straight line, f - orc
Aim: an orc, wielding a +0 dagger (82% to hit)
The blast of sand hits the orc.
The orc is heavily wounded.
The orc hits you but does no damage.
Unknown command.
Casting: Sandblast (safe; 13% risk of failure)
Confirm with . or Enter, or press ? or * to list all spells.
Aiming: Sandblast (safe; 13% risk of failure)
Press: ? - help, Shift-Dir - straight line, f/p - orc
Aim: an orc, wielding a +0 dagger (heavily wounded, 82% to hit)
The blast of sand hits the orc.
You kill the orc!
You have reached level 4!
You feel clever.
Your demonic ancestry asserts itself...
A pair of horns grows on your head!
No target in view!
Unknown command.
There is a stone staircase leading up here.
You climb upwards.
There is a stone staircase leading down here.
Unknown command.
Magic restored.
You see here a +0 dagger.
There is a stone staircase leading up here.
You climb upwards.
There is a stone staircase leading down here.
There is an open door here.
There is a staircase leading out of the dungeon here.
Are you sure you want to leave the Dungeon?
This will make you lose the game!
You have escaped!

#####.#
#..##.#..##.#... #.#
#.###.#.###.#.♣# #.#
#.##....♣♣♣.#... #.#
#.........♣♣##.#
#.###.......♣.P.♣...
#.........♣♣♣P.♣♣#.#
#####....♣.PPP.P♣...
#>.....♣♣P~~..♣..#
#@..##.♣♣~~~~P....
#######♣♣.~~♣♣♣.##
♣P.♣♣ ♣.#.
#♣♣♣♣♣#...
#.......##
##.#####.# #.# ##.
#.# #. #.# #.


There were no monsters in sight!

Vanquished Creatures
  An adder (D:2)
  2 worms (D:2)
  2 dart slugs
  An orc (D:3)
  5 ball pythons
  6 bats
  6 endoplasms
  2 giant cockroaches (D:1)
  A goblin (D:2)
  4 hobgoblins (D:1)
  3 jackals (D:2)
  2 quokkas (D:1)
  4 frilled lizards
  5 kobolds
  3 rats (D:2)
  A bush (D:1)
48 creatures vanquished.

Vanquished Creatures (others)
  A plant (D:1)
1 creature vanquished.

Grand Total: 49 creatures vanquished

Notes
Turn   | Place    | Note
-------+----------+-------------------------------------------
     0 | D:1      | protoss039 the Demonspawn Earth Elementalist began the
                  | quest for the Orb.
     0 | D:1      | Reached XP level 1. HP: 13/13 MP: 3/3
   407 | D:1      | Discovered your monstrous ancestry.
   407 | D:1      | Gained mutation: Your touch may inflict minor irresistible
                  | damage on your foes. [demonic ancestry]
   407 | D:1      | Reached XP level 2. HP: 20/20 MP: 3/5
   626 | D:1      | Reached skill level 1 in Fighting
   626 | D:1      | Reached skill level 3 in Earth Magic
  1390 | D:1      | Learned a level 2 spell: Passwall
  1474 | D:2      | Gained mutation: Your touch may inflict irresistible damage
                  | on your foes. [demonic ancestry]
  1474 | D:2      | Reached XP level 3. HP: 26/26 MP: 2/6
  2677 | D:2      | Learned a level 3 spell: Stone Arrow
  2688 | D:3      | Gained mutation: You have a pair of small horns on your
                  | head. [demonic ancestry]
  2688 | D:3      | Reached XP level 4. HP: 33/33 MP: 5/8
  2773 | D:$      | Got out of the dungeon alive.

Illustrated notes

Levels and vault maps discovered:
D:1:      dpeg_arrival_tiny_a, layout_loops_ring, serial_forest,
          infiniplex_forest_clump_tiny, infiniplex_forest_lined_corner,
          infiniplex_forest_join, infiniplex_forest_clump_curved,
          infiniplex_forest_corner_1, infiniplex_forest_pool,
          infiniplex_forest_lined_2, infiniplex_forest_lined_2, st_stairs_9,
          minivault_11, minivault_26
D:2:      minmay_recursive_quarters, layout_loops_cross, minmay_vboxes
D:3:      layout_loops_ring, hellmonk_ecumenical_altar_leap_of_faith,
          uniq_robin, uniq_grinder

Skill      XL: |  1  2  3 |
---------------+----------+-----
Fighting       | 1 2 |  2.0
Earth Magic    | 3 |  3.3
Dodging        | |  1.7
Stealth        | |  1.7
Spellcasting   | |  2.7
Transmutations | |  0.8

Action                   |  1- 3 |  4- 6 || total
-------------------------+-------+-------++-------
Melee: Unarmed           |    22 |       ||    22
       Dagger            |    94 |       ||    94
       Touch             |    20 |       ||    20
       Punch             |     1 |       ||     1
 Cast: Sandblast         |    53 |       ||    53
  Use: Potion            |     1 |       ||     1
Armor: Robe              |     9 |       ||     9
       Ring mail         |    32 |       ||    32
Dodge: Dodged            |    85 |       ||    85
